 Dungeon Crawl Stone Soup version 0.28.0-53-g5a82cb258f (webtiles) character file.

Game seed: 13786566773788302395

7 jjjjhere the Sneak (level 1, 0/17 HPs)
             Began as a Minotaur Enchanter on Oct 30, 2022.
             Slain by a quokka (2 damage)
             ... on level 1 of the Dungeon.
             The game lasted 00:00:26 (373 turns).

jjjjhere the Sneak (Minotaur Enchanter)              Turns: 373, Time: 00:00:27

Health: 0/17       AC:  2    Str: 12    XL:     1   Next: 83%
Magic:  1/1        EV: 12    Int: 12    God:
Gold:   0          SH:  0    Dex: 10    Spells: 2/2 levels left

rFire   . . .      SeeInvis .   a - +1 dagger
rCold   . . .      Faith    .   (no shield)
rNeg    . . .      Spirit   .   b - +0 robe
rPois   .          Reflect  .   (helmet restricted)
rElec   .          Harm     .   (no cloak)
rCorr   .          Rampage  .   (no gloves)
Will    .....                   (no boots)
Stlth   ++........              (no amulet)
HPRegen 0.05/turn               (no ring)
MPRegen 0.07/turn               (no ring)

@: no status effects
A: horns 2, retaliatory headbutt
a: no special abilities


You were on level 1 of the Dungeon.
You visited 1 branch of the dungeon, and saw 2 of its levels.

Inventory:

Hand Weapons
 a - a +1 dagger (weapon)
Armour
 b - a +0 robe (worn)
Potions
 c - a potion of invisibility
 d - 2 potions of cancellation {unknown}


   Skills:
 + Level 1.9 Fighting
 - Level 1.1 Short Blades
 - Level 2.1 Dodging
 - Level 2.4 Stealth
 - Level 1.3 Spellcasting
 - Level 2.0 Hexes


You had 2 spell levels left.
You didn't know any spells.
Your spell library contained the following spells:

 Spells                   Type           Power      Damage    Failure   Level
 Ensorcelled Hibernation  Hex/Ice        6%         N/A       28%         2
 Confusing Touch          Hex            5%         N/A       36%         3
 Tukima's Dance           Hex            5%         N/A       36%         3
 Dazzling Flash           Conj/Hex       6%         N/A       50%         3


Dungeon Overview and Level Annotations

Branches:
Dungeon (2/15)

Altars:


Innate Abilities, Weirdness & Mutations

You have a pair of horns on your head.
You reflexively headbutt those who attack you in melee.


Message History

The kobold is heavily wounded.
You hit the kobold but do no damage.
The kobold is heavily wounded.
The kobold misses you.
You hit the kobold. Your headbutt misses the kobold.
The kobold is severely wounded.
The kobold hits you but does no damage.
You hit the kobold but do no damage. You headbutt the kobold.
You kill the kobold!
You hit the quokka.
The quokka is moderately wounded.
The quokka misses you.
You hit the quokka but do no damage.
The quokka is moderately wounded.
The quokka misses you. You furiously retaliate!
You headbutt the quokka, but do no damage.
The quokka bites you.
You barely miss the quokka.
The quokka is moderately wounded.
The quokka closely misses you.
You closely miss the quokka.
The quokka is moderately wounded.
The quokka bites you but does no damage.
You barely miss the quokka.
The quokka is moderately wounded.
The quokka bites you.
* * * LOW HITPOINT WARNING * * *
You barely miss the quokka.
The quokka is moderately wounded.
The quokka bites you.
* * * LOW HITPOINT WARNING * * *
The quokka barely misses you.
You see here 16 gold pieces.
The quokka misses you. The quokka barely misses you.
The quokka bites you but does no damage.
You hit the quokka.
The quokka is moderately wounded.
The quokka bites you.
You die...

.#########.#
...........#####
......†...........
..................
#######.#######.##
#..............
#.##..###### #
##r# #@# #.# #.#
#.## #..# ##.##
#..# ..#######
##.# .........
#.## #...####.


You could see a quokka.

Vanquished Creatures
  A ball python (D:2)
  A hobgoblin (D:1)
  A kobold (D:1)
  2 quokkas (D:1)
5 creatures vanquished.

Notes
Turn   | Place    | Note
-------+----------+-------------------------------------------
     0 | D:1      | jjjjhere the Minotaur Enchanter began the quest for the
                  | Orb.
     0 | D:1      | Reached XP level 1. HP: 14/14 MP: 1/1
     8 | D:1      | You fall into a shaft and drop 1 floor!
    51 | D:1      | Reached skill level 1 in Fighting
   353 | D:1      | HP: 5/17 [quokka (2)]
   354 | D:1      | HP: 2/17 [quokka (4)]
   373 | D:1      | Slain by a quokka

Illustrated notes

Levels and vault maps discovered:
D:1:      ebering_trefoil_3fold, layout_basic
D:2:      layout_loops_ring

Skill      XL: |  1 |
---------------+----+-----
Fighting       | 1 |  1.9
Short Blades   | |  1.1
Dodging        | |  2.1
Stealth        | |  2.4
Spellcasting   | |  1.3
Hexes          | |  2.0

Action                   || total
-------------------------++-------
Melee: Dagger            ||    20
       Headbutt          ||     5
Armor: Robe              ||     3
Dodge: Dodged            ||    12
